[Event "FIDE WSCC 65 2022"]
[Site "Assisi"]
[Date "2022.11.18"]
[Round "4.10"]
[White "Kiefer, Gerhard"]
[Black "Thuesen, Mogens"]
[Result "1/2-1/2"]
[ECO "B33"]
[WhiteElo "2260"]
[BlackElo "2115"]
[Annotator "TA"]
[PlyCount "64"]
[EventDate "2022.11.14"]
[EventType "swiss"]
[EventCountry "ITA"]
[SourceTitle "playchess.com"]
[Source "ChessBase"]
[SourceQuality "1"]
[TimeControl "40/5400+30:1800+30"]

1. e4 c5 2. Nf3 e6 3. d4 cxd4 4. Nxd4 Nf6 5. Nc3 Nc6 6. Ndb5 d6 7. Bf4 e5 8. Bg5 a6 9. Na3 b5 10. Bxf6 gxf6 11. Nd5 f5 12. exf5 Bxf5 13. c3 Bg7 14. Nc2 O-O 15. Nce3 Be6 16. Bd3 f5 17. Qh5 e4 18. Bc2 Ne7 19. Rd1 Ng6 20. O-O {[%emt 0:00:00] B33: Sicilian: Pelikan and Sveshnikov Variations.} (20. g4 $1 $14 Nh4 21. gxf5 Bxf5 22. Nf4) 20... f4 $11 21. Ng4 {[%emt 0:00:00] Pair of Knights!} Rf5 22. Nh6+ Bxh6 23. Qxh6 Rxd5 ({Resist} 23... Bxd5 {[#]} 24. Rxd5 $1 Rxd5 25. Bb3 $18) 24. Bxe4 Rxd1 25. Rxd1 Qf8 {[%emt 0:00:00] [#]} ({Don't do} 25... Bxa2 26. Bxa8 (26. Bxg6 hxg6 27. Qxg6+ Kf8 $16) 26... Qxa8 27. Rxd6 $16) 26. Qh5 $146 ({Predecessor:} 26. Qxf8+ Rxf8 27. Rxd6 Bxa2 28. Bxg6 hxg6 29. Rxg6+ Kf7 30. Rxa6 Rd8 31. Kf1 Bc4+ 32. Ke1 {0-1 (56) Idrizaj,A-Wafzig,P (2118) Hessen 1999}) 26... Re8 {[%emt 0:00:00] [#] And now ...Kg7 would win.} 27. Bxg6 hxg6 28. Qxg6+ Kh8 29. Rxd6 Qxd6 30. Qh6+ $1 {[%emt 0:00:00] The position is equal.} Kg8 31. Qg6+ Kf8 32. Qf6+ Kg8 {[%emt 0:00:00] A balanced but interesting game.  Weighted Error Value: White=0.13 (very precise) /Black=0.14 (very precise)} 1/2-1/2

[Event "FIDE WSCC 65 2022"]
[Site "Assisi"]
[Date "2022.11.18"]
[Round "4.11"]
[White "Gruzmann, Boris"]
[Black "Kierzek, Matthias"]
[Result "1/2-1/2"]
[ECO "B12"]
[WhiteElo "2156"]
[BlackElo "2237"]
[Annotator "TA"]
[PlyCount "62"]
[EventDate "2022.11.14"]
[EventType "swiss"]
[EventCountry "ITA"]
[SourceTitle "playchess.com"]
[Source "ChessBase"]
[SourceQuality "1"]
[TimeControl "40/5400+30:1800+30"]

1. e4 c6 2. d4 d5 3. e5 Bf5 4. Nd2 e6 5. Nb3 Nd7 6. Nf3 Ne7 {[%emt 0:00:17] B12: Caro-Kann: Advance Variation.} 7. Be2 h6 8. O-O g5 {[%emt 0:00:04] White has an edge.} 9. Ne1 {[%emt 0:02:14] 9.a4 is the modern continuation.} Qc7 10. f4 c5 11. c3 c4 12. Nd2 gxf4 13. Bh5 Ng6 $36 {[%emt 0:02:53][%mdl 2048] [#] Black has some pressure.} 14. Ndf3 $146 ({Predecessor:} 14. Bxg6 Bxg6 15. Ndf3 O-O-O 16. Bxf4 Be4 17. Nd2 Bg6 18. Ndf3 Rh7 19. Qd2 Qc6 20. Kh1 {½-½ (75) Mokshanov,A (2461)-Bukavshin,I (2618) Loo 2015}) 14... Be7 15. Bxg6 fxg6 16. Bxf4 g5 17. Bg3 h5 18. h4 g4 19. Ng5 (19. Nd2 $17) 19... Bxg5 $19 20. hxg5 h4 21. Bf4 h3 (21... O-O-O $1 $19 {has better winning chances. Threatens to win with ...Nf8.} 22. b4 h3) 22. Rf2 {[%emt 0:00:50] [#]} (22. g3 $17) 22... O-O-O (22... hxg2 $1 $19 {Hoping for ...Rh1+.} 23. Rxg2 O-O-O) 23. Qd2 (23. g3 $17) 23... Nf8 ({And not} 23... Be4 24. g3 $11) 24. g3 {[%emt 0:01:23] [#]} Ng6 ({Better is} 24... h2+ $1 $17 25. Kh1 (25. Rxh2 $2 Rxh2 26. Qxh2 Ng6 $19) 25... Ng6) 25. Kh2 $11 Rhf8 26. Be3 (26. Nc2 $11 {deserves consideration.}) 26... Rf7 27. Rc1 (27. Nc2 $11) 27... Rdf8 $17 28. b3 Be4 (28... Qa5 $17) 29. Rf6 $11 Bf5 30. Qe2 Ne7 31. Bf4 (31. Nc2 $14) 31... Qc6 $2 {[%emt 0:03:24] Black had all chances to win.  Weighted Error Value: White=0.29 (precise) /Black=0.34} (31... Qa5 $1 $11) 1/2-1/2

[Event "FIDE WSCC 65 2022"]
[Site "Assisi"]
[Date "2022.11.18"]
[Round "4.12"]
[White "Chapman, Terry P D"]
[Black "Smolin, Sergey"]
[Result "1-0"]
[ECO "A42"]
[WhiteElo "2216"]
[BlackElo "2106"]
[Annotator "TA"]
[PlyCount "129"]
[EventDate "2022.11.14"]
[EventType "swiss"]
[EventCountry "ITA"]
[SourceTitle "playchess.com"]
[Source "ChessBase"]
[SourceQuality "1"]
[TimeControl "40/5400+30:1800+30"]

1. d4 g6 2. c4 Bg7 3. Nc3 d6 4. e4 e5 5. Nge2 exd4 6. Nxd4 Ne7 7. Be3 Nbc6 8. h4 O-O {[%emt 0:17:55] A42: Modern Defence: Averbakh Variation.} 9. Qd2 f5 10. Nxc6 (10. O-O-O $14) 10... bxc6 $11 {[%emt 0:06:37] The position is equal.} 11. h5 fxe4 12. hxg6 Nxg6 13. Nxe4 {[%emt 0:15:49] [#]} Ne5 $146 (13... Qe7 $5 14. Nc3 Bg4 $15) ({Predecessor:} 13... Qe7 14. Nc3 Bg4 15. Bd3 Rae8 16. O-O Ne5 17. Rfe1 Qf7 18. c5 Nf3+ 19. gxf3 Bxf3 {½-½ (31) Kosic,D (2473)-Strikovic,A (2481) Valjevo 2018}) 14. Be2 Qe8 (14... Qe7 $5 ) 15. Ng3 (15. Bh6 $14 Bxh6 16. Qxh6) 15... Rb8 16. Rb1 ({Don't play} 16. Qc2 Qg6 17. Qxg6 Nxg6 $17) (16. O-O-O $11) 16... Qg6 $17 17. Qd1 c5 ({Black should try} 17... Bg4 {And now ...Bxe2 would win.} 18. O-O Rbe8) 18. Nh5 (18. Bh5 $17 {is a better defense.} Qd3 19. Be2 Qxd1+ 20. Kxd1) 18... Bh8 $2 (18... Bg4 $19 {Hoping for ...Bxe2.} 19. Nxg7 Bxe2 20. Kxe2 Qxg7) 19. Nf4 $11 {[%emt 0:01:06] [#]} Rxf4 20. Bxf4 Qxg2 (20... Bf5 $5 21. Rh5 (21. Qd5+ Be6 $17) 21... Nf7 $11) 21. Rh5 $36 {[%emt 0:02:56][%mdl 2048] Strongly threatening Rg5+. White fights for an advantage.} Qe4 22. Qd5+ Qxd5 23. cxd5 Ng6 24. Bd2 Rxb2 25. Rxb2 Bxb2 26. Ba5 Be5 27. Bxc7 Kg7 (27... Nf4 $14) 28. Bc4 {[%emt 0:02:24] White is more active.} Bg4 29. Rg5 Bf3 {[%emt 0:00:06] [#]} 30. Bb3 (30. Be2 $1 $16 Be4 31. f3) 30... Bc3+ 31. Kf1 Be5 {[%emt 0:00:04] Against Rg3} 32. Ke1 Bc3+ 33. Kf1 Be5 {[%emt 0:00:04] [#] Against Rg3} 34. Rg3 $1 Bxg3 35. fxg3 {[%emt 0:00:01][%mdl 4096] Endgame Threatens to win with Kf2. KBB-KBN} c4 36. Bxc4 Ne5 37. Bb3 Nf7 (37... Ng4 $1 $11 {remains equal.}) 38. Kf2 $16 Bh1 39. Ke3 Kf6 40. Kd4 Ke7 $1 41. Bb8 a6 $1 42. Bc4 Ne5 {[%emt 0:02:54] White leaves nothing to chance now.} (42... a5 $14) 43. Bxa6 Nf3+ 44. Ke3 Ne5 {[%emt 0:00:13] [#]} 45. Bb7 $1 Kd7 (45... Bf3 $16 46. Kd4 Bg2) 46. Kd4 $18 Nf3+ 47. Kc3 Ng5 48. a4 Ne4+ 49. Kd4 {[%emt 0:00:40] Black must now prevent a5.} Nc5 50. Bc6+ Ke7 51. Kc4 Bf3 52. Ba7 Be2+ 53. Kd4 Nd7 54. a5 Kd8 55. Kc3 Kc8 56. Bd4 {[%emt 0:00:32] Prevents Nf6.} Kc7 57. Kd2 Ba6 (57... Bc4 {was called for.} 58. Kc3 Be2) 58. Ke3 Nc5 59. g4 Bc8 $2 (59... h6 60. Be8 Nb3) 60. g5 $2 (60. Bxc5 {White threatens Bb6+ and mate.} dxc5 61. g5) 60... Nd7 (60... Na6 61. Bb6+ Kb8) 61. Bb5 Nc5 {[%emt 0:00:29] Prevents a6.} 62. Bxc5 {[%emt 0:00:48] White mates.} dxc5 63. Bd3 Kd6 64. a6 Kxd5 65. Be4+ {[%emt 0:00:15] Weighted Error Value: White=0.29 (precise) /Black=0.45} 1-0

[Event "FIDE WSCC 65 2022"]
[Site "Assisi"]
[Date "2022.11.18"]
[Round "4.13"]
[White "Tsifanskaya, Ludmila A"]
[Black "De Jong, Tom"]
[Result "1/2-1/2"]
[ECO "D02"]
[WhiteElo "1919"]
[BlackElo "2216"]
[Annotator "TA"]
[PlyCount "62"]
[EventDate "2022.11.14"]
[EventType "swiss"]
[EventCountry "ITA"]
[SourceTitle "playchess.com"]
[Source "ChessBase"]
[SourceQuality "1"]
[TimeControl "40/5400+30:1800+30"]

1. Nf3 d5 2. g3 c5 3. Bg2 Nc6 4. O-O Nf6 5. d4 cxd4 6. Nxd4 e5 7. Nxc6 bxc6 8. c4 Be6 9. Nc3 {[%emt 0:02:31] D02: 1 d4 d5 2 Nf3 sidelines, including 2...Nf6 3 g3 and 2...Nf6 3 Bf4.} Rc8 10. cxd5 cxd5 11. Bg5 {[%emt 0:00:41][%cal Oc3d5] And now Nxd5! would win. White is slightly better.} d4 12. Ne4 Be7 13. Nxf6+ Bxf6 14. Bxf6 gxf6 15. Qa4+ Qd7 {[%emt 0:00:28] [#]} 16. Qxd7+ $146 ({Predecessor:} 16. Qa3 Qe7 17. Qa4+ Kf8 18. Rfc1 Kg7 19. Bc6 Rc7 20. Rc2 h5 21. Rac1 h4 22. Be4 Rxc2 23. Rxc2 {½-½ (77) Doluhanova,E (2229)-Villegas,P (2364) Europe Echecs INT 2020}) 16... Kxd7 17. b3 Rc2 18. f4 (18. e3 $11) 18... Ke7 ({Much weaker is} 18... Rxe2 $6 19. f5 Rxg2+ 20. Kxg2 Bd5+ 21. Kf2 $11) 19. Rf2 Rhc8 20. Be4 Rc1+ 21. Rxc1 Rxc1+ 22. Rf1 Rxf1+ 23. Kxf1 $11 {[%emt 0:00:02][%mdl 4096] Endgame KB-KB} f5 24. Bc2 e4 25. e3 ({White should try} 25. a3 $11) 25... d3 ({But not} 25... dxe3 26. a3 $11 (26. Ke2 Kd6 $11)) ({Black should play} 25... Kd6 $1 $15) 26. Bd1 {[%emt 0:00:02] The position is equal.} Kd6 27. Ke1 Kc5 {[%emt 0:00:15] [#] Strongly threatening ...Kb4.} 28. a3 a5 29. Kd2 Kb5 30. Kc3 Kc5 31. h3 Kd5 {[%emt 0:26:01] Weighted Error Value: White=0.16 (very precise) /Black=0.10 (very precise)} 1/2-1/2

[Event "FIDE WSCC 65 2022"]
[Site "Assisi"]
[Date "2022.11.18"]
[Round "4.14"]
[White "Pierangeli, Andrea"]
[Black "Petran, Peter"]
[Result "0-1"]
[ECO "A41"]
[WhiteElo "1779"]
[BlackElo "2213"]
[Annotator "TA"]
[PlyCount "102"]
[EventDate "2022.11.14"]
[EventType "swiss"]
[EventCountry "ITA"]
[SourceTitle "playchess.com"]
[Source "ChessBase"]
[SourceQuality "1"]
[TimeControl "40/5400+30:1800+30"]

1. d4 g6 2. Bf4 Bg7 3. Nf3 d6 4. e3 Nd7 5. Nbd2 e5 6. Bg3 {[%emt 0:01:00] A41: 1 d4 d6: Tartakower System and Modern Defence.} Qe7 7. dxe5 dxe5 8. Be2 {[%emt 0:02:23] The position is equal.} Ngf6 9. c3 O-O 10. O-O b6 11. Qc2 Bb7 12. Rfd1 {[%emt 0:00:12] [#]} a6 $146 ({Predecessor:} 12... h6 13. h4 a6 14. Nf1 Ne4 15. h5 g5 16. N3d2 f5 17. f3 Nef6 18. Qxf5 Nxh5 {0-1 (34) Basso,L-Biaggi,E (2280) Vicente Lopez 1993}) 13. Bh4 h6 14. Bxf6 Nxf6 15. Nf1 e4 16. Nd4 Nd7 17. Rd2 {[%emt 0:01:32] White is now going downhill.} (17. b4 $15) 17... Ne5 18. Qb3 c5 19. Nc2 b5 20. Ne1 (20. a4 $17) 20... c4 $19 21. Qc2 f5 22. Rad1 Nd3 23. f4 g5 24. g3 a5 25. Ng2 g4 26. Rb1 Bd5 27. Qd1 Be6 28. Rc2 Rfd8 29. Nd2 Rac8 30. a3 b4 {[%emt 0:02:45] [#] White must now prevent ...b3.} 31. axb4 axb4 32. Bxd3 exd3 33. Rcc1 bxc3 34. bxc3 Bd5 {[%emt 0:00:16] [#] Inhibits e4. ...Bxg2 is the strong threat.} 35. Qe1 Re8 36. Nf1 (36. Nh4 $142 Qe6 37. Rb2) 36... Rb8 37. Qd2 Qe4 38. Rb2 Rb3 39. Nh4 Reb8 (39... Rxb2 $142 40. Qxb2 Qh1+ 41. Kf2 Bf6 42. Rb1 Bxh4 43. gxh4 Bf3 44. h5 Rd8 45. Ke1 d2+ 46. Qxd2 Rxd2 47. Kxd2 Qg2+ 48. Kc1 Qxf1+ 49. Kb2 Qe2+ 50. Ka1 Qc2 51. Rb8+ Kg7 52. e4 Qxc3+ 53. Ka2 Qa5+ 54. Kb1 Bxe4+ 55. Kb2 c3+ 56. Kb3 c2 57. Rc8 Qb6+ 58. Ka3 Qa6+ 59. Kb4 Qxc8 60. h4 c1=Q 61. Kb5 Q8c5+ 62. Ka6 Qf1#) 40. Ra2 Bf6 {[%emt 0:03:45] A strong pair of Bishops.} 41. Ng2 Qxg2+ 42. Qxg2 Bxg2 43. Kxg2 Rb2+ 44. Rxb2 Rxb2+ {[%emt 0:00:00][%mdl 4096] Endgame KRB-KRN} 45. Kg1 Rc2 46. Rb1 Bxc3 {[%emt 0:00:10] And now ...d2 would win.} 47. Rb5 d2 48. Nxd2 Bxd2 49. Re5 c3 {[%emt 0:00:37] Black mates.} 50. Kf1 Bc1 51. Rxf5 Rxh2 {[%emt 0:02:35] Weighted Error Value: White=0.95/Black=0.49} 0-1

[Event "FIDE WSCC 65 2022"]
[Site "Assisi"]
[Date "2022.11.18"]
[Round "4.15"]
[White "Ubezio, Marco"]
[Black "Knaak, Rainer"]
[Result "0-1"]
[ECO "E05"]
[WhiteElo "2070"]
[BlackElo "2457"]
[Annotator "TA"]
[PlyCount "72"]
[EventDate "2022.11.14"]
[EventType "swiss"]
[EventCountry "ITA"]
[SourceTitle "playchess.com"]
[Source "ChessBase"]
[SourceQuality "1"]
[TimeControl "40/5400+30:1800+30"]

1. d4 d5 2. Nf3 e6 3. c4 Nf6 4. g3 Be7 5. Bg2 O-O 6. O-O dxc4 7. Ne5 Nc6 8. Nxc6 bxc6 9. Na3 Bxa3 10. bxa3 Nd5 11. Qc2 {[%emt 0:12:44] E05: Open Catalan: 5 Nf3 Be7.} ({Better is} 11. Qa4 $11) 11... Ba6 $15 12. a4 {[%emt 0:06:12] [#]} Qe7 $146 {[%emt 0:06:33] Inhibits Ba3.} ({Predecessor:} 12... c5 13. dxc5 Qf6 14. Bd2 Rab8 15. Qc1 c3 16. Bg5 Qd4 17. Rd1 Qxc5 18. Bxd5 exd5 {½-½ (28) Blechzin,I (2440)-Arnaudov,P (2489) Hofheim 2013}) 13. e4 {[%emt 0:01:53] Black is slightly better.} Nb4 14. Qc3 e5 15. Ba3 c5 16. dxc5 Nc6 17. Rfd1 Rfd8 18. Rd5 Qe6 (18... Rab8 $15) 19. Rad1 (19. Bb2 {is more appropriate.}) 19... Nd4 $11 20. Qa5 (20. Kh1 $11) 20... Bb7 (20... c3 $1 $17 {White must now prevent ...Bb7.} 21. Qxc7 Qe8) 21. Rxd8+ $15 Rxd8 22. Kh1 Qc6 (22... Qe8 $17 {[%cal Od4b5] ...Nb5! is the strong threat.} 23. Rf1 c3 24. Qxc3 Qxa4) 23. Qb4 {[%emt 0:04:22] Prevents Nb5.} ({White should try} 23. Bb2 $15) 23... Ba6 $17 24. Bb2 h5 {[%emt 0:01:47] Black is more active.} 25. h4 {[%emt 0:04:03] [#]} Kh7 (25... Qf6 $1 $17 26. Qe1 Bb7) 26. Rd2 $15 Qg6 27. Qa5 (27. Qa3 $11 {keeps the balance.}) 27... Nc6 $17 28. Qc3 {[%emt 0:00:44] aiming for Rxd8.} Rd3 $36 {[%emt 0:00:39][%mdl 2048] White is under strong pressure.} 29. Rxd3 cxd3 30. Qd2 (30. Qb3 $17) 30... Qg4 $19 31. Kh2 Qe2 32. Bc3 {[%emt 0:05:20] [#]} Nd4 33. Kg1 Bc4 (33... Bb7 $19 {has better winning chances.} 34. Kh1 Bxe4 35. Qxe2 Bxg2+ 36. Kxg2 Nxe2) 34. Qg5 $2 (34. Ba5 $17) 34... f6 $2 (34... Qd1+ 35. Kh2 Ne2) 35. Qc1 $2 (35. Qd2 Bxa2 36. Ba5) 35... Bxa2 36. Bxd4 d2 {[%emt 0:00:13] Weighted Error Value: White=0.82/Black=0.50} 0-1